Map: Beckett Industries LE

Players

Pumba - Winner!

  • Race: Protoss Protoss
  • League: Silver
  • Spawn Location: 1:00

Jayvee

  • Race: Terran Terran
  • League: Silver
  • Spawn Location: 7:00

VOD

Have the link to the VOD?

Description

Time

  • Played on: Jan. 25, 2022, 9:08 p.m.
  • Length: 8:10
Show
View Real Time Build Order
Export as new Build Order

Pumba Protoss - Winner!

Build Orders: 1 Gate Expand 

Get SALT Encoding   

  12  0:00  Probe  
  13  0:12  Probe  
  14  0:20  Pylon  
  14  0:24  Probe  
  15  0:38  Probe  
  15  0:39  Gateway  
  16  0:46  Assimilator  
  16  0:50  Probe (Chrono Boost)  
  17  1:02  Probe (Chrono Boost)  
  18  1:07  Probe (Chrono Boost)  
  19  1:16  Probe  
  20  1:26  Nexus  
  20  1:38  Cybernetics Core  
  20  1:41  Probe  
  20  1:44  Assimilator  
  21  1:53  Probe  
  22  1:57  Pylon  
  22  2:05  Probe  
  23  2:15  Warp Gate (Chrono Boost), Stalker (Chrono Boost)  
  23  2:19  Probe  
  26  2:28  Robotics Facility  
  26  2:33  Probe (Chrono Boost)  
  27  2:38  Probe (Chrono Boost)  
  29  2:47  Probe (Chrono Boost)  
  29  2:48  Probe (Chrono Boost), Stalker  
  32  2:52  Probe (Chrono Boost)  
  32  2:55  Probe  
  34  3:04  Gateway, Probe  
  35  3:07  Gateway  
  35  3:15  Pylon  
  35  3:22  Probe x2  
  37  3:31  Shield Battery  
  37  3:32  Stalker  
  39  3:34  Observer (Chrono Boost), Probe x2  
  41  3:46  Probe (Chrono Boost)  
  43  3:52  Probe (Chrono Boost)  
  43  3:53  Pylon  
  44  3:56  Probe (Chrono Boost)  
  44  3:58  Immortal  
  44  4:00  Probe (Chrono Boost)  
  49  4:08  Probe  
  50  4:10  Probe  
  51  4:17  Stalker x2  
  51  4:18  Stalker  
  51  4:21  Probe  
  51  4:23  Assimilator  
  58  4:25  Assimilator  
  58  4:29  Pylon  
  58  4:30  Pylon  
  58  4:38  Observer  
  58  4:40  Immortal  
  62  4:46  Shield Battery  
  62  4:49  Sentry  
  64  4:53  Sentry  
  66  5:04  Sentry  
  68  5:07  Probe  
  68  5:10  Pylon  
  68  5:14  Pylon  
  69  5:21  Robotics Bay  
  69  5:37  Immortal (Chrono Boost)  
  73  5:43  Gateway  
  73  5:44  Gateway  
  73  5:47  Twilight Council, Gateway  
  73  5:49  Gateway  
  73  5:50  Stalker x3  
  79  5:59  Probe x2  
  79  6:03  Pylon  
  81  6:05  Pylon  
  81  6:08  Pylon  
  81  6:15  Extended Thermal Lance  
  77  6:21  Colossus (Chrono Boost)  
  83  6:32  Sentry  
  83  6:33  Zealot x2  
  83  6:34  Charge (Chrono Boost)  
  87  6:52  Stalker  
  87  6:53  Zealot x3  
  87  7:05  Warp Prism (Chrono Boost), Probe  
  90  7:13  Zealot x5  
  100  7:18  Zealot  
  102  7:30  Pylon x3  
Show
View Real Time Build Order
Export as new Build Order

Jayvee Terran 

Build Orders:  

Get SALT Encoding   

  12  0:02  SCV  
  13  0:14  SCV  
  13  0:19  Supply Depot  
  14  0:27  Refinery  
  14  0:29  SCV  
  15  0:41  SCV  
  16  0:49  Barracks  
  16  0:59  Supply Depot  
  16  1:04  SCV  
  17  1:16  Barracks  
  17  1:18  SCV  
  18  1:30  SCV  
  19  1:37  Barracks  
  18  1:42  Barracks Tech Lab  
  18  1:46  SCV  
  19  1:59  Orbital Command  
  19  2:04  Combat Shield  
  19  2:13  Marine  
  20  2:17  Barracks Reactor  
  20  2:26  Supply Depot  
  20  2:32  SCV  
  20  2:33  Marine  
  20  2:35  Barracks Reactor  
  22  2:49  SCV  
  23  2:52  Marauder  
  23  2:54  Supply Depot  
  23  2:55  Marine  
  23  2:56  Marine  
  27  3:13  SCV, Marauder, Marine x2  
  27  3:14  Marine x2  
  34  3:32  Marine x2  
  34  3:33  Marine  
  34  3:34  Marauder, Marine  
  38  3:38  Supply Depot  
  40  3:50  Stimpack  
  40  3:51  Marine x2  
  42  3:58  Marauder  
  42  4:02  Marine x2  
  44  4:09  Supply Depot, Marine x2  
  48  4:19  Marauder  
  48  4:20  Marine x2  
  52  4:27  Marine x2  
  54  4:38  Marine x2  
  55  4:40  Marauder  
  55  4:45  Marine x2  
  60  4:46  Supply Depot  
  60  4:56  Marine x2  
  62  5:02  Marine  
  63  5:07  Marine  
  63  5:08  Marauder  
  63  5:13  Marine  
  63  5:14  Marine  
  67  5:18  Supply Depot  
  67  5:20  Marine  
  69  5:21  SCV  
  69  5:25  Marine  
  71  5:39  Marine x2  
  71  5:40  SCV, Marauder, Marine  
  77  5:43  Marine  
  77  5:49  Supply Depot  
  77  6:00  Marine x2  
  79  6:10  Marine x2  
  79  6:11  Marauder  
  39  7:00  Factory  
  33  7:02  Bunker  
  30  7:17  Command Center  
  30  7:19  Marine x2  
  30  7:21  Marine x2  
  34  7:37  Marine  
  34  7:39  Bunker  
  35  7:44  Engineering Bay  
  35  7:45  Factory Tech Lab  
Tags
 
Add a new tag
Caveats
  • Supply blocks, unpowered buildings, or Contaminate may cause inaccurate times.
  • Supply counts are checked every 10 seconds.